 Dungeon Crawl Stone Soup version 0.24.0-125-gc4c63601f3 (webtiles) character file.

Game seed: 3260767643434343056, levelgen mode: deterministic

80 Amplified the Magician (level 4, -6/32 HPs)
             Began as a Mummy Ice Elementalist on Mar 10, 2020.
             Mangled by an iguana (13 damage)
             ... on level 3 of the Dungeon.
             The game lasted 00:04:15 (2540 turns).

Amplified the Magician (Mummy Ice Elementalist)     Turns: 2540, Time: 00:04:16

Health: -6/32      AC: 10    Str: 12    XL:     4   Next: 18%
Magic:  3/9        EV: 12    Int: 14    God:
Gold:   99         SH:  0    Dex: 12    Spells: 4/10 levels left

rFire    x . .     SeeInvis .   b - +2 spear (flame)
rCold    + . .     Gourm    .   (no shield)
rNeg     + + +     Faith    .   a - +1 robe
rPois    ∞         Spirit   .   (no helmet)
rElec    .         Reflect  .   (no cloak)
rCorr    +         Harm     .   d - +1 pair of gloves
MR       .....                  (no boots)
Stlth    ++........             (no amulet)
HPRegen  0.10/turn              h - ring of resist corrosion
MPRegen  0.11/turn              (no ring)

@: icy armour, very slightly contaminated
A: no food or potions, fire vulnerability, cold resistance 1, negative energy
resistance 3, torment resistance, unbreathing
a: no special abilities


You were on level 3 of the Dungeon.
You were not hungry.

You visited 1 branch of the dungeon, and saw 3 of its levels.

You collected 99 gold pieces.

Inventory:

Hand Weapons
 b - a +2 spear of flaming (weapon)
 c - a cursed +0 club
 f - a +0 mace
Armour
 a - a +1 robe (worn)
 d - a +1 pair of gloves (worn)
Jewellery
 h - a ring of resist corrosion (left hand)
Scrolls
 g - 2 scrolls of identify
 i - a scroll of remove curse


   Skills:
 + Level 1.4 Fighting
 - Level 0.5 Maces & Flails
 * Level 0.3 Polearms
 - Level 1.5 Dodging
 - Level 1.5 Stealth
 * Level 3.9 Spellcasting
 - Level 0.7 Conjurations
 * Level 3.1 Ice Magic


You had 4 spell levels left.
You knew the following spells:

 Your Spells              Type           Power        Failure   Level  Hunger
a - Freeze                Ice            ##..         5%          1    N/A
b - Throw Frost           Conj/Ice       #.....       14%         2    N/A
c - Ozocubu's Armour      Chrm/Ice       #.......     30%         3    N/A

Your spell library contained the following spells:

 Spells                   Type           Power        Failure   Level  Hunger
 Throw Icicle             Conj/Ice       #.......     65%         4    N/A
 Summon Ice Beast         Ice/Summ       #.......     71%         4    N/A

Dungeon Overview and Level Annotations

Branches:
Dungeon (3/15)

Altars:
Uskayaw

Annotations:
D:3 3 runed translucent doors, Randomaniac's ghost, amateur HaHu


Innate Abilities, Weirdness & Mutations

You do not eat or drink.
Your flesh is vulnerable to fire.
You are immune to poison.
Your flesh is cold resistant. (rC+)
You are immune to negative energy. (rN+++)
You are immune to unholy pain and torment.
You can survive without breathing.


Message History

Casting: Freeze (safe; 5% risk of failure)
Confirm with . or Enter, or press ? or * to list all spells.
You miscast Ozocubu's Armour.
A chill runs through your body. The iguana barely misses you.
Casting: Ozocubu's Armour (safe; 30% risk of failure)
Confirm with . or Enter, or press ? or * to list all spells.
A film of ice covers your body! The iguana barely misses you.
Attack whom?
Press: ? - help, Dir - move target cursor, f/p - iguana
Aim: an iguana (moderately wounded)
You hit the iguana. You burn the iguana.
The iguana is heavily wounded.
The iguana bites you but does no damage.
Attack whom?
Press: ? - help, Dir - move target cursor, f/p - iguana
Aim: an iguana (heavily wounded)
You hit the iguana. You burn the iguana.
The iguana is almost dead.
The iguana bites you!
You die...

#.###.# #.#
#.# #.# #.#
#.# #.# ##.#
#.# #..# #.#
#.##
#.###########
#l#
#............
#@#
#############
### # ## #.
###. #...
#... #...
###.


You could see an iguana.

Vanquished Creatures
  2 adders (D:1)
  An ooze (D:1)
  A worm (D:1)
  4 leopard geckos
  4 goblins
  6 hobgoblins
  7 jackals (D:1)
  4 quokkas
  6 bats
  A frilled lizard (D:2)
  6 kobolds
  4 rats
46 creatures vanquished.

Notes
Turn   | Place    | Note
-------+----------+-------------------------------------------
     0 | D:1      | Amplified the Mummy Ice Elementalist began the quest for
                  | the Orb.
     0 | D:1      | Reached XP level 1. HP: 13/13 MP: 4/4
   474 | D:1      | Reached XP level 2. HP: 20/20 MP: 4/6
   592 | D:1      | Reached skill level 1 in Fighting
  1130 | D:1      | Learned a level 2 spell: Throw Frost
  1382 | D:1      | Reached XP level 3. HP: 23/26 MP: 4/7
  2065 | D:2      | Noticed a +0 dagger
  2066 | D:2      | Noticed a +0 dagger
  2069 | D:2      | Found a hide-covered altar of Uskayaw.
  2148 | D:2      | Reached XP level 4. HP: 28/32 MP: 9/9
  2279 | D:3      | Learned a level 3 spell: Ozocubu's Armour
  2297 | D:3      | Found a runed translucent gate.
  2297 | D:3      | Found a runed translucent gate.
  2298 | D:3      | Found a runed translucent gate.
  2300 | D:3      | Noticed Randomaniac's ghost (amateur HaHu)
  2540 | D:3      | Mangled by an iguana

Levels and vault maps discovered:
D:1:      minmay_arrival_split_and_join, layout_basic, minivault_5
D:2:      layout_rooms, dancing_weapons_uskayaw
D:3:      layout_loops_ring, nicolae_overflow_crystal_walls,
          gammafunk_ghost_necromancy, serial_bayou_crossing

Skill      XL: |  1  2  3 |
---------------+----------+-----
Spellcasting   | 3 |  3.9
Fighting       | 1 |  1.4
Ice Magic      | 3 |  3.1
Maces & Flails | |  0.5
Polearms       | |  0.3
Dodging        | |  1.5
Stealth        | |  1.5
Conjurations   | |  0.7

Action                   |  1- 3 |  4- 6 || total
-------------------------+-------+-------++-------
Melee: Mace              |    11 |       ||    11
       Spear             |    22 |    26 ||    48
 Cast: Freeze            |    43 |       ||    43
       Throw Frost       |     1 |       ||     1
       Ozocubu's Armour  |       |     1 ||     1
  Use: Scroll            |     4 |     2 ||     6
 Stab: Sleeping          |       |     3 ||     3
Armor: Robe              |    12 |     2 ||    14
Dodge: Dodged            |    46 |     7 ||    53
